 Dungeon Crawl Stone Soup version 0.23-a0-435-g79ed067 (webtiles) character file.

46 galech the Covered (level 3, -2/29 HPs)
             Began as a Demonspawn Fighter on Nov 15, 2018.
             Slain by a gnoll
             ... wielding a +0 spear
              (9 damage)
             ... on level 2 of the Dungeon.
             The game lasted 00:01:09 (1074 turns).

galech the Covered (Demonspawn Fighter)             Turns: 1074, Time: 00:01:09

Health: -2/29      AC:  6    Str: 16    XL:     3   Next: 44%
Magic:  3/3        EV:  7    Int:  9    God:
Gold:   36         SH:  9    Dex: 13    Spells: 2/2 levels left

rFire    . . .     SeeInvis .   a - +0 war axe
rCold    . . .     Gourm    .   c - +0 shield
rNeg     . . .     Faith    .   b - +0 scale mail
rPois    .         Spirit   .   (no helmet)
rElec    .         Reflect  .   (no cloak)
rCorr    .         Harm     .   (no gloves)
MR       .....                  (no boots)
Stlth    ..........             (no amulet)
HPRegen  0.09/turn              (no ring)
MPRegen  0.08/turn              (no ring)

@: no status effects
A: demonic guardian 1
a: no special abilities


You were on level 2 of the Dungeon.
You were hungry.

You visited 1 branch of the dungeon, and saw 2 of its levels.

You collected 36 gold pieces.

Inventory:

Hand Weapons
 a - a +0 war axe (weapon)
Armour
 b - a +0 scale mail (worn)
 c - a +0 shield (worn)
Jewellery
 h - an uncursed amulet of regeneration {unknown}
Scrolls
 g - a scroll of remove curse {unknown}
 j - a scroll of enchant armour {unknown}
Potions
 d - a potion of might
 e - 2 potions of flight {unknown}
 i - a potion of curing {unknown}
 k - a potion of heal wounds {unknown}
Comestibles
 f - 2 rations


   Skills:
 + Level 3.1 Fighting
 + Level 2.4 Axes
 + Level 3.2 Armour
 + Level 0.4 Dodging
 + Level 3.1 Shields


You had 2 spell levels left.
You didn't know any spells.
Your spell library was empty.

Dungeon Overview and Level Annotations

Branches:
Dungeon (2/15)

Altars:


Innate Abilities, Weirdness & Mutations

A weak demonic guardian rushes to your aid.


Message History

You block the gnoll's attack. The gnoll hits you. The gnoll barely misses you.
You hit the gnoll.
The gnoll is moderately wounded.
The gnoll hits you but does no damage.
The gnoll hits you from afar with a +0 spear.
The gnoll hits you.
* * * LOW HITPOINT WARNING * * *
Unknown command.
Your white imp hits the gnoll.
Your white imp freezes the gnoll.
Your white imp hits the gnoll.
Your white imp freezes the gnoll.
The gnoll dies!
Your white imp disappears in a puff of smoke!
A goblin comes into view.
The goblin shouts!
The goblin hits you but does no damage.
You closely miss the goblin. The goblin closely misses you.
The gnoll closely misses you.
You closely miss the goblin. The goblin barely misses you.
The gnoll hits you from afar with a +0 spear!
You die...

.. . .#.#####.####
...#..)g.....
#.##†####.### ...
#.##g# #.# ##.##.# #.
#.# # ##...#@# #.#
####.# #.#....g.# #.#
#....### #.#....###
#.###......# #....#.##
#.#........##
#.###(#.#
#.#.......... ##..###
##.#........##
#....####...........##
#.#..#.....###....####
#.##..#.##.## ###..# #


You could see a gnoll and a goblin.

Vanquished Creatures
  A gnoll (D:2)
  A worm (D:2)
  2 dart slugs (D:2)
  2 leopard geckos (D:1)
  2 ball pythons (D:1)
  A goblin (D:1)
  3 hobgoblins (D:1)
  A kobold (D:1)
  A quokka (D:2)
  3 bats (D:1)
  2 frilled lizards (D:1)
  3 rats
22 creatures vanquished.

Vanquished Creatures (collateral kills)
  A gnoll (D:2)
1 creature vanquished.

Grand Total: 23 creatures vanquished

Notes
Turn   | Place    | Note
-------+----------+-------------------------------------------
     0 | D:1      | galech the Demonspawn Fighter began the quest for the Orb.
     0 | D:1      | Reached XP level 1. HP: 18/18 MP: 1/1
   229 | D:1      | Gained mutation: A weak demonic guardian rushes to your
                  | aid. [demonic ancestry]
   229 | D:1      | Reached XP level 2. HP: 16/24 MP: 2/2
  1042 | D:2      | Reached XP level 3. HP: 26/29 MP: 3/3
  1074 | D:2      | Slain by a gnoll

Vault maps used:
D:1:      saegor_arrival_simple_d
D:2:      grunt_temple_overflow_diamond

Skill      XL: |  1  2 |
---------------+-------+-----
Armour         | 3 |  3.2
Axes           | 2 |  2.4
Shields        | 3 |  3.1
Fighting       | |  3.1
Dodging        | |  0.4

Action                   || total
-------------------------++-------
Melee: War axe           ||   101
Armor: Scale mail        ||    70
Dodge: Dodged            ||    36
Block: Shield            ||    56

Table legend:
 A = Non-vault XP
 B = Vault XP
 C = Vault XP percentage of total XP
 D = Non-vault monster count
 E = Vault monster count
 F = Vault count percentage of total count
                 A         B        C        D         E       F
            +---------+---------+-------+---------+---------+-------
      Total |      66 |       0 |   0.0 |      23 |       0 |   0.0
            +---------+---------+-------+---------+---------+-------
        D:1 |      26 |       0 |   0.0 |      15 |       0 |   0.0
        D:2 |      40 |       0 |   0.0 |       8 |       0 |   0.0
            +---------+---------+-------+---------+---------+-------
